 Dungeon Crawl Stone Soup version 0.20.1-1-g8b1a95d (webtiles) character file.

167 Inarius the Chiller (level 5, -1/40 HPs)
             Began as a Demigod Ice Elementalist on Dec 26, 2017.
             Slain by an orc (2 damage)
             ... on level 3 of the Dungeon.
             The game lasted 00:14:52 (2962 turns).

Inarius the Chiller (Demigod Ice Elementalist)      Turns: 2962, Time: 00:14:52

Health: -1/40      AC:  7    Str: 11    XL:     5   Next: 2%
Magic:  5/12       EV: 12    Int: 21    God:
Gold:   176        SH:  0    Dex: 16    Spells: 3/9 levels left

rFire    . . .     SeeInvis .   u - +0 dagger (flame)
rCold    . . .     Gourm    .   (no shield)
rNeg     . . .     Faith    .   j - +0 leather armour
rPois    .         Spirit   .   v - +1 helmet
rElec    .         Reflect  .   (no cloak)
rCorr    .         Harm     .   (no gloves)
MR       .....                  w - +1 pair of boots
Stlth    ++........             (no amulet)
Regen    0.2/turn               (no ring)
MPRegen  0.2/turn               (no ring)

@: no status effects
A: high mp 1
a: no special abilities


You were on level 3 of the Dungeon.
You were hungry.

You visited 1 branch of the dungeon, and saw 3 of its levels.

You collected 176 gold pieces.

Inventory:

Hand Weapons
 g - a +0 whip
 u - a +0 dagger of flaming (weapon)
Armour
 i - a +0 buckler
 j - a +0 leather armour (worn)
 v - a +1 helmet (worn)
 w - a +1 pair of boots (worn)
Scrolls
 d - 2 scrolls of remove curse
 e - a scroll of recharging
 h - a scroll of fog {unknown}
 k - a scroll of random uselessness {unknown}
 o - a scroll of noise {unknown}
 p - 2 scrolls of enchant armour
Potions
 a - a potion of agility {unknown}
 m - a potion of cancellation
 s - a potion of magic {unknown}
Books
 b - a book of Frost

   Spells                             Type                      Level
   a - Freeze                         Ice                          1
   b - Throw Frost                    Conjuration/Ice              2
   c - Ozocubu's Armour               Charms/Ice                   3
   d - Throw Icicle                   Conjuration/Ice              4
   e - Summon Ice Beast               Ice/Summoning                4
Comestibles
 c - 4 bread rations
 f - 3 meat rations
 l - 2 chunks of flesh
 r - a fruit
 t - a royal jelly


   Skills:
 + Level 1.5 Fighting
 - Level 1.3 Armour
 - Level 2.3 Dodging
 - Level 1.7 Stealth
 + Level 2.7 Spellcasting
 + Level 1.1 Conjurations
 + Level 0.5 Charms
 + Level 3.5 Ice Magic


You had 3 spell levels left.
You knew the following spells:

 Your Spells              Type           Power        Failure   Level  Hunger
a - Freeze                Ice            ###.         4%          1    None
b - Throw Frost           Conj/Ice       ##....       11%         2    ##.....
c - Ozocubu's Armour      Chrm/Ice       ##......     24%         3    ###....


Dungeon Overview and Level Annotations

Branches:
Dungeon (3/15)


Innate Abilities, Weirdness & Mutations

You have an increased reservoir of magic. (+10% MP)


Message History

The magic dart hits you!
* * * LOW HITPOINT WARNING * * *
The orc hits you.
* * * LOW HITPOINT WARNING * * *
Casting: Throw Frost
Confirm with . or Enter, or press ? or * to list all spells.
Aiming: Throw Frost
Press: ? - help, Shift-Dir - straight line, f/p - orc wizard
Aim: an orc wizard, wielding a dagger and wearing a robe (almost dead)
The puff of frost hits the orc wizard.
You kill the orc wizard!
You have reached level 5!
The orc closely misses you.
Casting: Throw Frost
Confirm with . or Enter, or press ? or * to list all spells.
Aiming: Throw Frost
Press: ? - help, Shift-Dir - straight line, f - orc
Aim: an orc (almost dead)
The puff of frost misses the orc.
The orc hits you.
You die... #######.# #o@<....# #)####### #. #. #. #. #. #.

You could see an orc.

Vanquished Creatures
  Jessica (D:2)
  An orc wizard (D:3)
  Robin (D:2)
  3 adders
  An ooze (D:3)
  2 worms (D:3)
  3 leopard geckos
  An orc (D:3)
  4 bats
  5 giant cockroaches
  17 goblins
  5 hobgoblins
  7 kobolds
  A quokka (D:3)
  A ball python (D:3)
  4 frilled lizards
  5 rats
62 creatures vanquished.

Notes
Turn   | Place    | Note
-------+----------+-------------------------------------------
     0 | D:1      | Inarius the Demigod Ice Elementalist began the quest for the Orb.
     0 | D:1      | Reached XP level 1. HP: 14/14 MP: 5/5
   328 | D:1      | Reached XP level 2. HP: 20/20 MP: 7/7
   332 | D:1      | Learned a level 2 spell: Throw Frost
   344 | D:1      | Reached skill level 3 in Ice Magic
   794 | D:2      | You fall through a shaft!
  1399 | D:3      | Reached XP level 3. HP: 22/27 MP: 9/9
  1404 | D:3      | Learned a level 3 spell: Ozocubu's Armour
  1959 | D:2      | Reached skill level 1 in Fighting
  1959 | D:2      | Reached skill level 1 in Conjurations
  2170 | D:2      | Noticed Jessica
  2186 | D:2      | Killed Jessica
  2186 | D:2      | Reached skill level 1 in Armour
  2186 | D:2      | Reached XP level 4. HP: 35/35 MP: 3/10
  2198 | D:2      | Found a shadowy altar of Dithmenos.
  2198 | D:2      | Noticed Robin
  2600 | D:2      | Killed Robin
  2960 | D:3      | HP: 1/35 [orc (3)]
  2961 | D:3      | Reached XP level 5. HP: 1/40 MP: 7/12
  2962 | D:3      | Slain by an orc

Skill      XL: |  1  2  3 |
---------------+----------+-----
Spellcasting   | 2 |  2.7
Ice Magic      | 3 |  3.5
Fighting       | 1 |  1.5
Conjurations   | 1 |  1.1
Armour         | 1 |  1.3
Dodging        | 2 |  2.3
Stealth        | |  1.7
Charms         | |  0.5

Action                   |  1- 3 |  4- 6 || total
-------------------------+-------+-------++-------
Melee: Whip              |   136 |    34 ||   170
       Dagger            |       |    50 ||    50
 Cast: Freeze            |    11 |       ||    11
       Throw Frost       |     9 |    16 ||    25
       Ozocubu's Armour  |     2 |     1 ||     3
  Use: Scroll            |     6 |       ||     6
 Stab: Sleeping          |     3 |     2 ||     5
  Eat: Chunk             |     5 |     3 ||     8
Armor: Robe              |     4 |       ||     4
       Leather armour    |    38 |    50 ||    88
Dodge: Dodged            |    91 |    71 ||   162
